AoeStats
← Iguano Pop

Arabian Desert

508743985Analyzed
1v1 RM · 8d ago on Sep 23, 2026· 30m 40s· 2 players
Game mode
Random Map
Map size
Tiny (2 player)
Population
200
Speed
Normal
Resources
Standard
Victory
Conquest
Starting age
Dark Age
Ending age
Imperial Age
RankedLock teamsTeams togetherTeam positionsShared explorationLock speedFull tech treeHidden civsTurbo modeCheats
Victory
Defeat
🇲🇽 Franks · Mexico
1326
+14
🇨🇦 Danes · Canada
1272
-14
short eared owl
7:30 Loom
9:45 Feudal Age
8:00 Loom
13:31 Double-Bit Axe
18:04 Castle Age
19:18 Scale Mail Armor
29:22 Wheelbarrow
Iguano Pop
7:02 Loom
9:37 Feudal Age
10:30 Double-Bit Axe
14:52 Fletching
17:51 Town Watch
21:23 Wheelbarrow
25:51 Castle Age
24:51 Gold Mining
26:12 Crossbowman
26:48 Bodkin Arrow
28:07 Scale Barding Armor
28:05 Husbandry
31:06 Chain Barding Armor
Connection lost

Rejoining the realm…

Still unreachable

The connection could not be restored.

Session expired

The server has moved on; the page needs a fresh start.